Map: Ley Lines

Players

LiquidMaNa (MaNa) - Winner!

  • Race: Protoss Protoss
  • League: Grandmaster
  • Spawn Location: 1:00

Geralt (Gerald)

  • Race: Protoss Protoss
  • League: Master
  • Spawn Location: 7:00

Event: FEL Cracov 2025

VOD

Have the link to the VOD?

Description

Time

  • Played on: July 27, 2025, 12:11 p.m.
  • Length: 6:52

All games in this series

Show
View Real Time Build Order
Export as new Build Order

LiquidMaNa Protoss - Winner!

Build Orders: Oracle Opening 

Get SALT Encoding   

  12  0:00  Probe  
  13  0:12  Probe  
  14  0:16  Pylon  
  14  0:25  Probe  
  15  0:33  Probe  
  15  0:36  Gateway  
  15  0:41  Probe  
  16  0:46  Assimilator  
  17  0:52  Probe  
  18  1:00  Probe  
  19  1:05  Assimilator  
  19  1:07  Pylon  
  19  1:08  Probe  
  20  1:18  Probe  
  20  1:23  Cybernetics Core  
  21  1:26  Zealot  
  21  1:30  Probe  
  24  1:42  Probe  
  25  1:54  Probe  
  25  2:00  Stargate  
  26  2:04  Adept  
  26  2:06  Probe  
  29  2:17  Warp Gate  
  29  2:19  Probe, Pylon  
  30  2:26  Pylon  
  30  2:31  Probe  
  30  2:34  Stalker  
  34  2:44  Oracle  
  34  2:50  Nexus  
  34  2:57  Probe  
  37  3:05  Pylon  
  37  3:09  Probe  
  38  3:21  Probe  
  38  3:23  Oracle  
  42  3:30  Gateway  
  42  3:33  Probe  
  43  3:39  Twilight Council  
  43  3:45  Probe  
  42  3:58  Probe  
  38  4:03  Probe  
  38  4:05  Stalker, Blink  
  38  4:07  Shield Battery  
  41  4:10  Probe  
  41  4:12  Gateway  
  41  4:15  Probe  
  43  4:22  Probe  
  44  4:27  Stalker  
  44  4:31  Stalker  
  48  4:33  Probe  
  48  4:35  Probe  
  50  4:42  Pylon  
  50  4:45  Probe  
  51  4:47  Probe  
  52  4:56  Stalker  
  52  4:57  Probe  
  52  4:59  Probe  
  53  5:00  Stalker  
  53  5:05  Gateway  
  55  5:11  Stalker  
  55  5:12  Probe x2  
  58  5:22  Stalker  
  58  5:23  Stalker  
  58  5:24  Probe x2  
  58  5:27  Assimilator  
  64  5:35  Stalker  
  65  5:38  Pylon  
  65  5:48  Stalker x2  
  66  5:56  Pylon  
  66  5:58  Stalker  
  66  6:03  Pylon  
  67  6:05  Probe  
  66  6:24  Stalker  
  66  6:25  Stalker x2, Zealot  
  70  6:26  Probe x2  
  70  6:38  Probe  
  70  6:39  Probe  
  64  6:50  Stalker x3, Zealot  
Show
View Real Time Build Order
Export as new Build Order

Geralt Protoss 

Build Orders: Phoenix Opening 

Get SALT Encoding   

  12  0:00  Probe  
  13  0:12  Probe  
  14  0:17  Pylon  
  14  0:23  Probe  
  15  0:31  Probe  
  16  0:35  Gateway  
  16  0:39  Probe  
  16  0:45  Assimilator  
  17  0:51  Probe  
  17  0:54  Assimilator  
  18  0:59  Probe  
  19  1:07  Gateway, Probe  
  19  1:18  Probe  
  20  1:24  Cybernetics Core  
  21  1:30  Probe  
  22  1:34  Pylon  
  22  1:42  Probe  
  24  1:54  Probe  
  24  1:57  Stalker, Pylon  
  26  2:07  Probe, Stalker  
  29  2:18  Pylon  
  29  2:26  Stargate, Probe  
  30  2:33  Pylon  
  30  2:35  Pylon  
  30  2:38  Probe  
  31  2:57  Nexus  
  31  3:01  Phoenix  
  31  3:03  Probe  
  32  3:12  Warp Gate  
  34  3:18  Probe  
  35  3:22  Shield Battery  
  35  3:28  Phoenix  
  35  3:33  Probe  
  38  3:40  Pylon  
  38  3:47  Probe  
  34  3:59  Probe, Phoenix  
  33  4:09  Probe  
  36  4:11  Probe  
  36  4:14  Stalker x2  
  37  4:21  Probe  
  37  4:23  Probe  
  43  4:35  Probe  
  45  4:39  Shield Battery  
  45  4:42  Pylon  
  45  4:43  Gateway  
  44  4:46  Probe  
  44  4:50  Probe  
  46  4:58  Probe  
  47  5:01  Gateway  
  47  5:03  Probe  
  48  5:10  Probe  
  48  5:12  Stalker  
  48  5:13  Stalker  
  53  5:17  Probe  
  54  5:22  Probe  
  54  5:26  Phoenix  
  55  5:29  Probe  
  55  5:34  Probe  
  59  5:37  Pylon  
  59  5:38  Stalker  
  61  5:49  Probe  
  62  5:53  Probe  
  62  5:55  Phoenix  
  62  5:56  Twilight Council  
  60  6:11  Stalker x3  
  60  6:14  Probe  
  61  6:20  Phoenix  
  61  6:21  Probe  
  61  6:23  Gateway  
  61  6:24  Assimilator  
  58  6:38  Stalker x3  
Tags
 
Add a new tag
Caveats
  • Supply blocks, unpowered buildings, or Contaminate may cause inaccurate times.
  • Supply counts are checked every 10 seconds.